 Dungeon Sprint DCSS version 0.30-a0-1066-g63dfefce0d (webtiles) character file.

Game seed: 16747756447596598814

744 dialectric the Protected (level 7, -2/46 HPs)
             Began as a Gargoyle Fighter on Apr 12, 2023.
             Slain by Menkaure (4 damage)
             ... in the Dungeon (Sprint II: "The Violet Keep of Menkaure").
             The game lasted 00:00:43 (70 turns).

dialectric the Protected (Gargoyle Fighter)           Turns: 70, Time: 00:00:44

Health: -2/46      AC: 13    Str: 20    XL:     7   Next: 76%
Magic:  5/5        EV: 11    Int:  6    God:
Gold:   243        SH:  0    Dex: 11    Spells: 6/6 levels left

rFire   . . .      SeeInvis .    a - +0 long sword
rCold   . . .      Faith    .    (no shield)
rNeg    + . .      Spirit   .    b - +0 scale mail
rPois   ∞          Reflect  .    (no helmet)
rElec   +          Rampage  .    (no cloak)
rCorr   .          NoTele   +    (no gloves)
Will    .....                    (no boots) Stlth
                                 (no amulet)
HPRegen 0.27/turn                (no ring)
MPRegen 0.09/turn                (no ring)

@: on berserk cooldown, slowed, unable to read, unable to drink, very slow
A: sickness immunity, AC +4, negative energy resistance 1, electricity
resistance, torment resistance 1, petrification resistance, dopey 1, frail 1,
low MP 2, sense surroundings 1, inability to drink after injury 2, inability to
read after injury 1, devolution 1
a: no special abilities


You were in the Dungeon.
You visited 1 branch You collected 243 gold pieces.

Inventory:

Hand Weapons
 a - a +0 long sword (weapon)
Armour
 b - a +0 scale mail (worn)
 c - a +0 buckler
Scrolls
 j - a scroll of blinking
Potions
 g - a potion of haste
 h - 2 potions of magic


   Skills:
 + Level 9.8 Fighting
 * Level 9.0 Long Blades
 + Level 10.0 Armour
 + Level 3.5 Dodging
 - Level 5.5 Shields


You had 6 spell levels left.
You didn't know any spells.
Your spell library was empty.

Dungeon Overview and Level Annotations

Branches:
Dungeon (1/1)

Altars:

Annotations:
D exclusion: obsidian statue, Menkaure


Innate Abilities, Weirdness & Mutations

You are immune to sickness and miasma.
Your stone body is resilient. (AC +4)
You are immune to poison.
You resist negative energy. (rN+)
You are resistant to electric shocks. (rElec)
You are resistant to unholy torment.
You are immune to petrification.
You are dopey. (Int -2)
You are frail. (-10% HP)
Your magical capacity is very low. (-20% MP)
You passively map a small area around you.
You sometimes lose the ability to drink potions when taking damage.
You occasionally lose the ability to read scrolls when taking damage.
You have hidden genetic defects.


Message History

The neqoxec is almost dead.
The neqoxec gestures at you.
Strange energies course through your body.
You feel frail. The neqoxec hits you!
You feel threatened and lose the ability to drink potions!
You closely miss the neqoxec.
The neqoxec is almost dead.
The neqoxec gestures at you.
Something tries to feed on your intellect!
You slash the neqoxec!
You kill the neqoxec!
You feel a little less mighty now.
Your Long Blades skill increases to level 9!
Your Armour skill increases to level 10!
Unknown command.
You now have 243 gold pieces.
You can drink potions again.
As you open the door, it creaks loudly!
You hear a shout!
Menkaure, Prince of Dust comes into view.
Marking area around an obsidian statue as unsafe for travelling.
Menkaure calls on the powers of darkness!
Your body is wracked with pain!
You feel threatened and lose the ability to drink potions!
The obsidian statue slips into the dungeon's darkness for a moment.
Menkaure casts a spell.
Menkaure seems to speed up.
There is an open door here.
Unknown command.
Menkaure hits you but does no damage.
You slash Menkaure!
Menkaure is moderately damaged.
Menkaure completely misses you. Menkaure hits you!
You feel threatened and lose the ability to read scrolls!
You hit Menkaure but do no damage.
Menkaure is moderately damaged.
Menkaure hits you!
* * * LOW HITPOINT WARNING * * *
Menkaure hits you.
You die...

* , + * , +####
∩* .......## , ∩
*, *, ...°...##,
, , , ..8...°.#
* , * ,,.○.... *
, ~ .○.. *,~ ,
##~~#+++#+++##**
* *
#~~~..M@.....# ,
#~~~~.##'##..# ,
#~~~~####.## * ,
#~~~~#..##.# , ,
, #~~## #...##
#~##. ##'## * #
#..###.## , * +
*#$†.<.+ , ∩, ,
#..###.## ,


You could see an obsidian statue and Menkaure (fast).

Vanquished Creatures
  4 neqoxecs (D)
  4 scorpions (D)
8 creatures vanquished.

Notes
Turn   | Place    | Note
-------+----------+-------------------------------------------
     0 | D        | dialectric the Gargoyle Fighter began the quest for the
                  | Orb.
     0 | D        | Reached XP level 1. HP: 14/14 MP: 1/1
     8 | D        | Noticed a scorpion
     8 | D        | Noticed a scorpion
    11 | D        | Killed a scorpion
    12 | D        | Reached skill level 5 in Fighting
    12 | D        | Reached skill level 5 in Armour
    12 | D        | Reached skill level 5 in Shields
    12 | D        | Reached XP level 2. HP: 13/21 MP: 2/2
    12 | D        | Reached XP level 3. HP: 16/26 MP: 3/3
    12 | D        | Reached XP level 4. HP: 19/31 MP: 4/4
    14 | D        | Killed a scorpion
    15 | D        | Reached skill level 6 in Armour
    16 | D        | Noticed a scorpion
    16 | D        | Noticed a scorpion
    20 | D        | Killed a scorpion
    21 | D        | Reached skill level 7 in Armour
    21 | D        | Reached XP level 5. HP: 16/38 MP: 5/5
    28 | D        | Reached skill level 8 in Armour
    28 | D        | Reached XP level 6. HP: 24/44 MP: 6/6
    30 | D        | Noticed a neqoxec
    30 | D        | Noticed a neqoxec
    30 | D        | Noticed a neqoxec
    30 | D        | Noticed a neqoxec
    30 | D        | Gained mutation: You occasionally lose the ability to read
                  | scrolls when taking damage. [a neqoxec]
    30 | D        | Gained mutation: You passively map a small area around you.
                  | [a neqoxec]
    44 | D        | Killed a neqoxec
    45 | D        | Gained mutation: Your magical capacity is low. (-10% MP) [a
                  | neqoxec]
    48 | D        | Killed a neqoxec
    48 | D        | Gained mutation: You occasionally lose the ability to drink
                  | potions when taking damage. [a neqoxec]
    49 | D        | Reached skill level 9 in Armour
    49 | D        | Reached XP level 7. HP: 20/51 MP: 6/6
    52 | D        | Gained mutation: Your magical capacity is very low. (-20%
                  | MP) [a neqoxec]
    53 | D        | Gained mutation: You sometimes lose the ability to drink
                  | potions when taking damage. [a neqoxec]
    54 | D        | Killed a neqoxec
    56 | D        | Gained mutation: You have hidden genetic defects. [a
                  | neqoxec]
    57 | D        | Gained mutation: You are dopey. (Int -2) [a neqoxec]
    58 | D        | Gained mutation: You are frail. (-10% HP) [a neqoxec]
    60 | D        | Killed a neqoxec
    61 | D        | Reached skill level 10 in Armour
    66 | D        | Noticed an obsidian statue
    66 | D        | Noticed Menkaure
    70 | D        | HP: 2/46 [Menkaure (14)]
    70 | D        | Slain by Menkaure

Illustrated notes

Levels and vault maps discovered:
D:        the_violet_keep_of_menkaure [sprint2_stairs_cluster_1,
          sprint2_shoproom, sprint2_temple, sprint2_basic_supplies,
          sprint2_obstacle_5, sprint2_obstacle_1, sprint2_obstacle_3,
          sprint2_obstacle_6, sprint2_obstacle_2, sprint2_timed_cluster_1,
          sprint2_smallroom_cluster_1, sprint2_smallroom_final_cluster_1,
          sprint2_transparent_cluster_1, sprint2_second_timed_cluster_1,
          sprint2_sniper_area_1, sprint2_heavy_combat_area_1,
          sprint2_mutation_trap_area_1, sprint2_forest_area_1,
          sprint2_light_combat_area_1, sprint2_behind_water_1,
          sprint2_near_end_vault_1]

Skill      XL: |  1  2  3  4  5  6  7 |
---------------+----------------------+-----
Fighting       | 5 7 9 |  9.8
Long Blades    | 2 3 4 7 9 |  9.0
Armour         | 5 7 8 9 10 | 10.0
Shields        | 5 |  5.5
Dodging        | 2 3 |  3.5

Action                     |  1- 3 |  4- 6 |  7- 9 || total
---------------------------+-------+-------+-------++-------
  Melee: Long sword        |     2 |    27 |    12 ||    41
    Use: Potion            |     1 |     2 |     1 ||     4
 Armour: Scale mail        |     1 |    10 |     5 ||    16
  Dodge: Dodged            |       |     9 |     5 ||    14

Table legend: (Time is in decaauts)
 A = Elapsed time spent in this place.
 B = Non-inter-level travel time spent in this place.
 C = Inter-level travel time spent in this place.
 D = Time resting spent in this place.
 E = Time spent auto-exploring this place.
 F = Levels seen in this place.
 G = Mean time per level.
                   A        B        C        D        E       F      G
               +--------+--------+--------+--------+--------+-----+--------+
         Total |     77 |     77 |      0 |      0 |      0 |   1 |   77.0 |
       Dungeon |     77 |     77 |      0 |      0 |      0 |   1 |   77.0 |
               +--------+--------+--------+--------+--------+-----+--------+

Top non-repeatable levels by time:
       D: 77 daAuts
